 Dungeon Crawl Stone Soup version 0.19-a0-1553-g64c24c3 (webtiles) character file.

9111 Ryco the Cleaver (level 11, -16/151 HPs)
             Began as a Minotaur Berserker on Sept 14, 2016.
             Was a Priest of Trog.
             Demolished by a white ugly thing (26 damage)
             ... on level 11 of the Dungeon.
             The game lasted 00:26:17 (3726 turns).

Ryco the Cleaver (Minotaur Berserker)               Turns: 3726, Time: 00:26:19

Health: -16/151    AC: 18    Str: 30    XL:     11   Next: 18%
Magic:  10/10      EV: 11    Int:  4    God:    Trog [***...]
Gold:   359        SH:  0    Dex: 10    Spells: 0 memorised, 10 levels left

rFire  . . .     SeeInvis .     a - +0 war axe
rCold  . . .     Gourm    .     q - +0 chain mail
rNeg   . . .     Faith    .     (no shield)
rPois  .         Spirit   .     (helmet restricted)
rElec  .         Dismiss  .     (no cloak)
rCorr  .         Reflect  .     A - +2 pair of gloves
MR     .....     Harm     .     g - +1 pair of boots
Stlth  ..........               (no amulet)
                                (no ring)
                                y - ring of wizardry

@: berserking, very quick
A: retaliatory headbutt, horns 2
a: Berserk, Trog's Hand, Burn Spellbooks, Renounce Religion


You were on level 11 of the Dungeon.
You worshipped Trog.
Trog was most pleased with you.
You were not hungry.

You visited 1 branch of the dungeon, and saw 11 of its levels.

You collected 359 gold pieces.

Inventory:

Hand Weapons
 a - a +0 war axe (weapon)
 r - a +0 flail
 t - a +0 spear
Missiles
 K - 5 tomahawks (quivered)
Armour
 b - a +0 animal skin
 g - a +1 pair of boots (worn)
 q - a +0 chain mail (worn)
 A - a +2 pair of gloves (worn)
Jewellery
 y - a ring of wizardry (left hand)
Wands
 x - a wand of paralysis (3/24)
 F - a wand of slowing (18/48)
 L - a wand of lightning (4/15)
 M - a wand of paralysis (12/24)
Scrolls
 d - 2 scrolls of noise
 f - 2 scrolls of recharging
 h - 4 scrolls of teleportation
 k - a scroll of fog
 l - 3 scrolls of magic mapping
 o - a scroll of enchant armour
 p - 3 scrolls of amnesia
 C - a scroll of fear
 D - 2 scrolls of immolation
 E - 2 scrolls of enchant weapon
 G - 2 scrolls of blinking
 H - a scroll of brand weapon {unknown}
 J - a scroll of remove curse
Potions
 e - 5 potions of curing
 j - 2 potions of agility
 m - 2 potions of might
 n - 3 potions of heal wounds
 s - a potion of haste
 u - a potion of berserk rage
 w - 2 potions of mutation
 z - a potion of cancellation {unknown}
 B - a potion of resistance
Miscellaneous
 N - a fan of gales
Comestibles
 c - 9 bread rations
 i - 6 meat rations
 v - 3 fruits
 I - 5 chunks of flesh


   Skills:
 + Level 10.6 Fighting
 + Level 13.0 Axes
 * Level 11.9 Armour
 + Level 5.0 Dodging
 + Level 0.6 Evocations


You had 10 spell levels left.
You didn't know any spells.

Dungeon Overview and Level Annotations

Branches:
Dungeon (11/15)            Temple (0/1) D:4
   Lair: D:8-11         Orc: D:9-12

Altars:
Dithmenos
Fedhas
Gozag
Kikubaaqudgha
Qazlal
Trog
Vehumet
Zin

Shops:
D:5 }


Innate Abilities, Weirdness & Mutations

You reflexively headbutt those who attack you in melee.
You have a pair of horns on your head.


Message History

You closely miss the white ugly thing. You headbutt the white ugly thing.
The white ugly thing is lightly wounded.
The white ugly thing gores you!
* * * LOW HITPOINT WARNING * * *
The white ugly thing freezes you!!
* * * LOW HITPOINT WARNING * * *
You are too injured to fight recklessly!
You are too injured to fight recklessly!
You are too injured to fight recklessly!
You are too injured to fight recklessly!
Unknown command.
You slash the white ugly thing!
The white ugly thing is moderately wounded.
You slash the white ugly thing!
Your headbutt misses the white ugly thing.
The white ugly thing is moderately wounded.
The white ugly thing gores you!
* * * LOW HITPOINT WARNING * * *
The white ugly thing freezes you!!
You die...

#..............
#..............
#..............
#................#
#................#
#........O.......#
#..######........#
#.u# #........##
#.@# #..........
#..# #..........
#.)# #..........
#..# #..........
#..# #....).....
#..# #..........
#.(# #..........
#..# #..........
#..# #..........


You could see a white ugly thing.

Vanquished Creatures
  An ogre mage (D:11)
  2 hill giants
  A cyclops (D:11)
  3 deep elf magi (D:11)
  A manticore (D:11)
  A centaur zombie (D:11)
  Joseph (D:7)
  Prince Ribbit (D:7)
  Sigmund (D:3)
  A wraith (D:11)
  A shadow (D:11)
  10 yaks (D:11)
  3 hippogriffs
  A water moccasin (D:9)
  Duvessa (D:6)
  2 orc warriors (D:10)
  4 ogres
  2 centaurs
  A big kobold (D:9)
  4 giant frogs
  A wyvern zombie (D:6)
  Dowan (D:6)
  3 wights (D:10)
  A howler monkey (D:5)
  2 crimson imps
  2 jellies (D:7)
  3 hounds
  2 orc priests (D:7)
  An iguana (D:11)
  Natasha (D:4)
  Terence (D:2)
  5 orc wizards
  4 worker ants
  2 hound skeletons
  4 gnolls (D:6)
  A howler monkey skeleton (D:4)
  3 worker ant zombies
  7 adders
  3 oozes
  An adder skeleton (D:4)
  2 worms (D:2)
  2 giant geckos (D:2)
  13 orcs
  5 giant cockroaches
  6 goblins
  4 hobgoblins
  4 jackals
  2 quokkas
  A ball python (D:2)
  5 bats
  A frilled lizard (D:1)
  A jackal skeleton (D:6)
  25 kobolds
  4 rats
165 creatures vanquished.

Vanquished Creatures (others)
  A sky beast (D:8)
  A kobold (D:2)
  6 plants (D:11)
8 creatures vanquished.

Grand Total: 173 creatures vanquished

Notes
Turn   | Place    | Note
-------+----------+-------------------------------------------
     0 | D:1      | Ryco the Minotaur Berserker began the quest for the Orb.
     0 | D:1      | Reached XP level 1. HP: 19/19 MP: 0/0
   228 | D:1      | Reached XP level 2. HP: 27/27 MP: 1/1
   231 | D:1      | Reached skill level 4 in Axes
   376 | D:3      | Reached ** piety under Trog
   401 | D:2      | Noticed Terence
   408 | D:2      | Killed Terence
   408 | D:2      | Reached XP level 3. HP: 33/34 MP: 2/2
   478 | D:2      | Reached XP level 4. HP: 36/41 MP: 3/3
   484 | D:2      | Found a radiant altar of Vehumet.
   484 | D:2      | Found a stormy altar of Qazlal.
   703 | D:3      | Reached skill level 5 in Axes
   749 | D:3      | Found an ancient bone altar of Kikubaaqudgha.
   864 | D:4      | Reached XP level 5. HP: 40/47 MP: 4/4
   931 | D:4      | Found a staircase to the Ecumenical Temple.
   970 | D:5      | Entered Level 5 of the Dungeon
   980 | D:5      | Reached skill level 5 in Fighting
  1049 | D:3      | Found an opulent altar of Gozag.
  1165 | D:3      | Noticed Sigmund
  1181 | D:3      | Killed Sigmund
  1181 | D:3      | Reached skill level 6 in Axes
  1181 | D:3      | Reached XP level 6. HP: 56/56 MP: 5/5
  1446 | D:6      | Noticed Dowan
  1447 | D:6      | Noticed Duvessa
  1454 | D:6      | Killed Dowan
  1454 | D:6      | Reached skill level 7 in Axes
  1454 | D:6      | Reached XP level 7. HP: 59/61 MP: 6/6
  1457 | D:6      | Killed Duvessa
  1527 | D:6      | Reached skill level 8 in Axes
  1616 | D:5      | Reached *** piety under Trog
  1703 | D:4      | Noticed Natasha
  1716 | D:4      | Killed Natasha
  1716 | D:4      | Reached skill level 5 in Armour
  1758 | D:4      | Reached XP level 8. HP: 59/70 MP: 7/7
  1793 | D:5      | Found a blossoming altar of Fedhas.
  1826 | D:5      | Found Kifruwk's Gadget Boutique.
  1889 | D:6      | Reached skill level 9 in Axes
  2052 | D:7      | Noticed Prince Ribbit
  2052 | D:7      | Noticed Joseph
  2077 | D:7      | Killed Joseph
  2077 | D:7      | Reached skill level 10 in Axes
  2082 | D:7      | Killed Prince Ribbit
  2099 | D:7      | Found a shadowy altar of Dithmenos.
  2347 | D:7      | Reached XP level 9. HP: 73/79 MP: 8/8
  2360 | D:7      | Found a glowing silver altar of Zin.
  2517 | D:8      | You fall through a shaft!
  2540 | D:9      | Reached skill level 11 in Axes
  2643 | D:9      | Reached **** piety under Trog
  2645 | D:9      | Found a bloodstained altar of Trog.
  2652 | D:10     | Entered Level 10 of the Dungeon
  2652 | D:10     | Noticed a hill giant
  2659 | D:10     | Killed a hill giant
  2830 | D:10     | Reached skill level 12 in Axes
  2948 | D:11     | Received a gift from Trog
  2965 | D:11     | Reached XP level 10. HP: 85/91 MP: 9/9
  3029 | D:11     | Reached skill level 10 in Armour
  3060 | D:11     | Reached skill level 5 in Dodging
  3283 | D:11     | Noticed a deep elf mage
  3284 | D:11     | Noticed a deep elf mage
  3286 | D:11     | Noticed a deep elf mage
  3299 | D:11     | Killed a deep elf mage
  3299 | D:11     | Reached skill level 10 in Fighting
  3300 | D:11     | Killed a deep elf mage
  3304 | D:11     | Killed a deep elf mage
  3365 | D:11     | Noticed a fire dragon
  3367 | D:11     | Noticed a fire giant
  3369 | D:11     | Noticed a storm dragon
  3371 | D:11     | Noticed a hell knight
  3375 | D:11     | Noticed a hill giant
  3388 | D:11     | Killed a hill giant
  3439 | D:11     | Noticed a manticore
  3452 | D:11     | Killed a manticore
  3452 | D:11     | Reached XP level 11. HP: 42/101 MP: 10/10
  3690 | D:11     | Noticed an ogre mage
  3708 | D:11     | Killed an ogre mage
  3708 | D:11     | Reached skill level 13 in Axes
  3718 | D:11     | Noticed a white ugly thing
  3726 | D:11     | Demolished by a white ugly thing

Vault maps used:
D:1:      nagdon_arrival_double_spiral
D:2:      nemelex_altar_shiori, grunt_temple_overflow_open, uniq_terence
D:3:      okawaru_gym_becter, lemuel_coloured_pillars_altar,
          nicolae_gozag_seed_capital, uniq_sigmund
D:4:      lemuel_blue_sif_altar, uniq_natasha
D:5:      serial_shops, shop, first_bread, fedhas_altar_4
D:6:      minmay_ruined_shrine, uniq_duvessa, uniq_grinder
D:7:      lemuel_crystal_altar, old_standard_altar, uniq_prince_ribbit1,
          uniq_joseph
D:8:      uniq_pikel
D:9:      kennysheep_kobold_camp, cheibriados_altar_1,
          overflow_temple_1_default, blue_anna_alchemist
D:10:     erik_lair_dragon, serial_glass, glass_columns_a, glass_columns_a,
          glass_columns_b, glass_columns_a, glass_columns_a, glass_columns_a
D:11:     kennysheep_orc_monster_closet_entryway, serial_shops, kennysheep_mini,
          minmay_the_grid_4x2

Skill      XL: |  1  2  3  4  5  6  7  8  9 10 11 |
---------------+----------------------------------+-----
Axes           | 4 5 6 7 8 10 12 13 | 13.0
Fighting       | 4 5 6 7 9 10 | 10.6
Dodging        | 3 4 5 |  5.0
Armour         | 3 4 5 6 8 11 | 11.9
Evocations     | |  0.6

Action                   |  1- 3 |  4- 6 |  7- 9 | 10-12 || total
-------------------------+-------+-------+-------+-------++-------
Melee: Hand axe          |    56 |   112 |   285 |    50 ||   503
       Headbutt          |     2 |    24 |    58 |    37 ||   121
       War axe           |       |       |       |    66 ||    66
Invok: Berserk           |     2 |     2 |     2 |     5 ||    11
       Trog's Hand       |       |     3 |     5 |    11 ||    19
       Burn Spellbooks   |       |     1 |     1 |       ||     2
Evoke: Wand              |       |       |       |     3 ||     3
  Use: Scroll            |       |    10 |    12 |     1 ||    23
       Potion            |       |     1 |       |       ||     1
 Stab: Paralysed         |       |       |       |    10 ||    10
       Distracted        |       |       |       |     1 ||     1
  Eat: Chunk             |     1 |     2 |     8 |     9 ||    20
       Royal jelly       |       |     1 |       |       ||     1
       Pizza             |       |     1 |       |     1 ||     2
       Beef jerky        |       |       |     1 |       ||     1
Armor: Animal skin       |    10 |       |       |       ||    10
       Chain mail        |     5 |    73 |   125 |    38 ||   241
Dodge: Dodged            |    32 |    50 |   125 |    34 ||   241
